Map: Cyber Forest LE

Players

Mez - Winner!

  • Race: Terran Terran
  • League: Master
  • Spawn Location: 11:00

IMperial

  • Race: Zerg Zerg
  • League: Diamond
  • Spawn Location: 5:00

VOD

Have the link to the VOD?

Description

Time

  • Played on: Aug. 14, 2019, 11:39 a.m.
  • Length: 6:20
Show
View Real Time Build Order
Export as new Build Order

Mez Terran - Winner!

Build Orders: Liberator Opening, Reaper Expand 

Get SALT Encoding   

  12  0:00  SCV  
  13  0:12  SCV  
  14  0:19  Supply Depot  
  14  0:25  SCV  
  15  0:40  SCV  
  15  0:41  Barracks  
  16  0:45  Refinery  
  16  0:52  SCV  
  17  1:04  SCV  
  18  1:17  SCV  
  19  1:29  Reaper  
  19  1:30  Orbital Command  
  20  1:41  Command Center  
  20  1:48  Supply Depot  
  20  1:55  SCV  
  21  2:01  Marine  
  22  2:12  Factory  
  22  2:19  Refinery  
  22  2:22  Barracks Reactor  
  20  2:57  SCV  
  21  3:02  Starport  
  21  3:08  Barracks Tech Lab  
  21  3:09  Hellion x2, SCV, Orbital Command  
  25  3:21  SCV  
  26  3:29  Marine  
  26  3:30  Hellion x2, Supply Depot  
  26  3:33  SCV  
  31  3:52  Hellion x2, SCV x2  
  31  3:53  Liberator  
  36  4:04  SCV x2  
  38  4:16  SCV x2  
  43  4:20  Supply Depot  
  43  4:22  Supply Depot  
  43  4:28  SCV x2  
  45  4:35  Hellion x2  
  49  4:40  SCV x2  
  49  4:53  SCV x2  
  49  4:57  Command Center  
  51  5:03  Supply Depot  
  51  5:05  SCV x2  
  53  5:15  Factory  
  53  5:16  Factory  
  53  5:17  SCV  
  54  5:21  SCV  
  54  5:27  Armory  
  55  5:29  SCV  
  55  5:30  Armory  
  56  5:36  SCV  
  56  5:38  Hellion  
  56  5:40  Hellion  
  56  5:41  SCV  
  62  5:48  Refinery, SCV  
  63  5:50  Refinery  
  63  5:53  SCV  
Show
View Real Time Build Order
Export as new Build Order

IMperial Zerg 

Build Orders: Pool First 

Get SALT Encoding   

  12  0:02  Drone  
  13  0:10  Drone  
  14  0:16  Drone, Extractor  
  14  0:21  Extractor  
  14  0:24  Drone  
  15  0:38  Spawning Pool  
  14  0:44  Extractor  
  14  0:46  Drone  
  15  0:56  Overlord  
  15  1:25  Zergling x4  
  15  1:27  Queen  
  15  1:28  Zergling x2  
  15  1:29  Metabolic Boost  
  20  1:39  Drone  
  21  1:51  Drone  
  22  2:13  Drone, Hatchery  
  21  2:42  Hatchery  
  21  2:43  Overlord  
  18  2:52  Zergling x2  
  18  2:53  Zergling x6  
  18  2:56  Overlord  
  22  3:21  Queen  
  22  3:24  Drone  
  22  3:25  Drone  
  22  3:26  Queen  
  29  3:27  Drone x2  
  28  3:52  Zergling x2  
  28  3:53  Zergling x8  
  32  3:57  Queen  
  33  4:08  Drone  
  33  4:09  Drone x4  
  38  4:16  Drone x2  
  40  4:27  Evolution Chamber  
  39  4:31  Roach Warren  
  39  4:37  Drone x2  
  39  4:38  Drone x8  
  48  4:57  Overlord  
  48  4:58  Overlord  
  48  5:03  Drone  
  48  5:05  Spore Crawler  
  48  5:06  Drone  
  49  5:07  Overlord  
  49  5:17  Drone  
  49  5:18  Drone  
  51  5:42  Extractor x2  
  49  5:47  Drone x8  
  49  5:48  Drone x2  
  59  5:52  Overlord  
Tags
 
Add a new tag
Caveats
  • Supply blocks, unpowered buildings, or Contaminate may cause inaccurate times.
  • Supply counts are checked every 10 seconds.